 Dungeon Crawl Stone Soup version 0.12.2-9-gf1dcfd2 (webtiles) character file.

45651 Indrah the Prestidigitator (level 13, -2/106 HPs)
             Began as a Deep Dwarf Summoner on June 25, 2013.
             Was the Champion of Makhleb.
             Slain by an orc knight
             ... wielding a -1,+1 orcish bardiche
              (18 damage)
             ... on Level 4 of the Orcish Mines on June 27, 2013.
             The game lasted 05:03:03 (27086 turns).

Indrah the Prestidigitator (Deep Dwarf Summoner)   Turns: 27086, Time: 05:03:03

HP  -2/106       AC 18     Str 12      XL: 13   Next: 76%
MP   2/21        EV 13     Int 22      God: Makhleb [******]
Gold 2127        SH 12     Dex 13      Spells:  5 memorised, 15 levels left

Res.Fire  : . . .   See Invis. : .   w - +2,+3 demon blade (drain)
Res.Cold  : + . .   Warding    : .   r - +0 orc leather armour
Life Prot.: . . .   Conserve   : +   K - +0 buckler
Res.Poison: +       Res.Corr.  : +   C - +3 helmet "Twuoc" {+Rage MR Int+1 Stlth++}
Res.Elec. : .       Clarity    : .   V - +2 cloak {rCorr, Cons}
Sust.Abil.: . .     Spirit.Shd : .   J - +1 pair of elf gloves
Res.Mut.  : .       Stasis     : .   (no boots)
Res.Rott. : .       Ctrl.Telep.: .   s - amulet "Axukh" {Gourm rPois rC+ Stlth++}
Gourmand  : +       Flight     : .   d - +0,+9 ring of slaying
                                     G - +5,+6 ring of slaying

@: icy armour, non-regenerating, very slightly contaminated, extraordinarily
resistant to hostile enchantments, extraordinarily stealthy
A: damage resistance, recharge devices, sense surroundings 2, slow healing 3
a: Device Recharging, Minor Destruction, Lesser Servant of Makhleb, Major
Destruction, Greater Servant of Makhleb, Renounce Religion, Evoke Berserk Rage


You were on level 4 of the Orcish Mines.
You worshipped Makhleb.
Makhleb was exalted by your worship.
You were very full.

You visited 4 branches of the dungeon, and saw 24 of its levels.

You collected 2277 gold pieces.
You spent 170 gold pieces at shops.

Inventory:

Hand weapons
 a - the +0,+10 scimitar "Shrexeug" {holy, Stlth++}
   (You found it on level 9 of the Dungeon)

   It has been blessed by the Shining One to cause great damage to the undead
   and demons.
   It makes you much more stealthy.
 e - a +0,+1 sling
 n - a +1,+0 falchion of electrocution
 w - a +2,+3 demon blade of draining (weapon)
 x - a +1,+1 orcish vampiric falchion
Missiles
 f - 3 poisoned sling bullets
 g - 3 darts
 m - 66 sling bullets
 y - 2 darts of dispersal
 E - 2 sling bullets of flame
 O - a poisoned javelin
 S - 2 javelins (quivered)
 X - 17 steel sling bullets
Armour
 o - a +0 steam dragon hide
 r - a +0 orcish leather armour (worn)
 C - the +3 helmet "Twuoc" (worn) {+Rage MR Int+1 Stlth++}
   (You found it on level 4 of the Lair of Beasts)

   It affects your intelligence (+1).
   It affects your resistance to hostile enchantments.
   It lets you go berserk.
   It makes you much more stealthy.
 J - a +1 pair of elven gloves (worn)
 K - a +0 buckler (worn)
 V - a +2 cloak of preservation (worn)
Magical devices
 c - a wand of heal wounds (5)
 l - a wand of slowing (10)
 q - a wand of fire (12)
 D - a wand of cold (5)
 M - a wand of confusion (7)
Comestibles
 t - 4 bread rations
Scrolls
 b - a scroll of magic mapping
 h - 5 scrolls of teleportation
 u - 5 scrolls of identify
 v - 3 scrolls of fog
 N - 5 scrolls of remove curse
 W - 2 scrolls of fear
Jewellery
 d - a +0,+9 ring of slaying (right hand)
 j - an uncursed ring of teleportation
 s - the amulet "Axukh" (around neck) {Gourm rPois rC+ Stlth++}
   (You found it on level 5 of the Dungeon)

   [amulet of the gourmand]

   It protects you from cold.
   It protects you from poison.
   It makes you much more stealthy.
 F - an uncursed ring of flight
 G - a +5,+6 ring of slaying (left hand)
 L - an uncursed ring of protection from magic
 U - an uncursed amulet of resist mutation
Potions
 k - 6 potions of curing
 p - a potion of brilliance
 P - a potion of resistance
Magical staves
 H - an uncursed staff of power


   Skills:
 + Level 6.2 Fighting
   Level 1.0 Short Blades
 * Level 9.4 Long Blades
   Level 0.2 Maces & Flails
   Level 1.7 Polearms
 * Level 8.9 Slings
 - Level 3.0 Throwing
 - Level 3.4 Armour
 - Level 4.3 Dodging
 + Level 9.6 Stealth
 + Level 7.2 Shields
 - Level 4.0 Traps
 * Level 8.1 Spellcasting
 + Level 4.4 Hexes
 + Level 5.5 Charms
 + Level 7.5 Summonings
 + Level 5.7 Ice Magic
 * Level 9.7 Invocations
 + Level 9.8 Evocations


You had 15 spell levels left.
You knew the following spells:

 Your Spells              Type           Power        Failure   Level  Hunger
a - Summon Small Mammals  Summ           #####        1%          1    None
b - Summon Ice Beast      Ice/Summ       ######....   6%          4    ###....
c - Call Canine Familiar  Summ           ######....   1%          3    None
s - Slow                  Hex            #####....    2%          2    None
x - Ozocubu's Armour      Chrm/Ice       #####.....   2%          3    None


Dungeon Overview and Level Annotations

Branches:
Dungeon (11/27)            Temple (1/1) D:4             Orc (4/4) D:10
   Lair (8/8) D:11          Swamp (0/5) Lair:5       Spider (0/5) Lair:4
  Slime (0/6) Lair:8
    Elf: Orc:3-4

Altars:
Ashenzari
Cheibriados
Elyvilon
Fedhas
Kikubaaqudgha
Makhleb
Nemelex Xobeh
Okawaru
Sif Muna
Trog
Vehumet
Xom
Yredelemnul
Zin
the Shining One
Jiyva

Shops:
D:5: * Orc:1: / Orc:3: ?

Annotations
Orc:4 Blork the orc; Nergalle; Stendarr's ghost, powerful HEAE


Innate Abilities, Weirdness & Mutations

You are resistant to damage.
You can recharge devices by infusing magical energy.
You passively map the area around you.
You do not heal naturally.


Message History

Read which item? (? for menu, Esc to quit)
As you read the scroll of magic mapping, it crumbles to dust.
You feel aware of your surroundings.
You sensed 1 altar, and 4 shops/portals.
The orc warrior closely misses you.
Casting: Ozocubu's Armour
Confirm with . or Enter, or press ? or * to list all spells.
A chill wind blows around you.
The orc knight hits you from afar with an orcish bardiche!
* * * LOW HITPOINT WARNING * * *
The orc warrior hits you with an orcish battleaxe!
* * * LOW HITPOINT WARNING * * *
The orc throws an orcish hand axe.
The orcish hand axe misses you.
An orc comes into view.
The orc warrior barely misses your ice beast.
Use which ability? (? or * to list) Charge which item? (? for menu, Esc to quit)
Your wand of heal wounds (0) glows for a moment and now has 5 charges.
The orc knight hits you from afar with an orcish bardiche!
You die...

,,o....8.............#
,,...................#
_,,.................#*
,,,.................##
,,,....8....o........#
,,,,.#####...........#
,,,,,,*#......o......#
,,,*,,,##.....oIo)...#
,,,**, ,##......@....#
,,,***,,,#..........##
,,8* **,∩#..........#
,,,******#..........#*
, ,,*,,,,............#
,,,,,,,,,,........#.##
*,*,,,,,,,,....#.....*
***,,,,,,,,o.##....#*
****,,,*,,, ,,,##.,**


You could see an orc knight, 2 orc warriors, 2 orcs and a friendly ice beast.

Vanquished Creatures
  5 dire elephants (Lair:8)
  3 hydras
  A death yak (Lair:5)
  An unseen horror (D:11)
  A griffon (D:11)
  A hill giant (D:11)
  3 cyclopes (D:11)
  A guardian serpent (D:9)
  A spiny frog (Lair:8)
  2 feature mimics
  Pikel (D:4)
  A troll (D:11)
  A slime creature (D:11)
  8 elephants
  A hill giant skeleton (D:11)
  A queen bee (Lair:2)
  A giant leech (Lair:5)
  A spriggan (D:9)
  2 basilisks
  8 blink frogs
  The ghost of Lorn the Ducker, an average SEAr (D:5)
  A two-headed ogre (D:11)
  4 komodo dragons
  A wraith (D:11)
  29 yaks
  6 hippogriffs
  A steam dragon (D:11)
  2 trapdoor spiders (Lair:4)
  A wyvern zombie (D:11)
  9 war dogs
  A vampire mosquito (D:11)
  A fire drake (Lair:2)
  2 phantoms
  2 ice beasts
  3 ogres
  2 yak zombies
  8 orc warriors
  8 centaurs
  2 wargs
  4 sky beasts
  5 crocodiles
  5 giant slugs
  A centaur zombie (D:10)
  7 water moccasins
  5 agate snails
  6 giant frogs
  A two-headed ogre zombie (D:11)
  A big kobold (D:11)
  2 manticores
  A slave (D:4)
  19 killer bees
  5 crimson imps
  3 goliath beetles
  12 hounds
  A big fish (D:10)
  A worker ant zombie (D:7)
  12 orc wizards
  2 worker ants
  4 iguanas
  A hound skeleton (D:4)
  14 orc priests
  6 porcupines
  11 sheep
  A spectral orc (Orc:4)
  2 jellies (D:11)
  7 adders
  7 green rats
  2 giant centipedes
  A giant centipede zombie (D:6)
  3 giant mites
  2 worms
  70 orcs
  A ball python (D:5)
  7 hobgoblins
  12 jackals
  3 oozes
  8 quokkas
  11 bats
  3 giant cockroaches
  2 giant eyeballs
  7 giant geckos
  2 giant newts
  2 giant spores
  15 goblins
  15 kobolds
  A kobold skeleton (D:5)
  3 orc skeletons
  12 rats
  2 ballistomycetes
  2 fungi (Lair:7)
  6 plants
466 creatures vanquished.

Vanquished Creatures (collateral kills)
  A dire elephant (Lair:8)
  An anaconda (Lair:8)
  9 death yaks
  An unseen horror (D:11)
  An orc knight (Orc:4)
  An orc sorcerer (Orc:3)
  A griffon (Lair:7)
  2 elephant slugs
  An orange demon (Lair:3)
  9 elephants
  2 spiny frogs
  2 komodo dragons
  7 blink frogs
  8 yaks
  A trapdoor spider (Lair:4)
  A hippogriff (Lair:7)
  A swamp worm (Lair:5)
  A boulder beetle (Lair:8)
  11 war dogs
  A necrophage (D:9)
  2 wyvern zombies
  4 orc warriors
  A wyvern (D:9)
  A slave (D:3)
  A phantom (D:6)
  2 sky beasts
  A centaur (D:6)
  4 ogres
  A warg (Orc:1)
  A yak skeleton (D:8)
  Sigmund (D:7)
  5 crocodiles
  3 giant slugs
  A water moccasin zombie (D:7)
  3 water moccasins
  2 giant frogs
  An agate snail (Lair:8)
  A giant frog skeleton (D:11)
  9 killer bees (Lair:2)
  A goliath beetle (D:9)
  A crimson imp (D:7)
  Crazy Yiuf (D:6)
  3 orc priests
  3 hounds
  2 big fish (D:10)
  2 iguanas
  11 orc wizards
  A scorpion (D:6)
  2 worker ants
  A big fish zombie (D:9)
  A sheep (Lair:6)
  3 jellies
  2 electric eels (D:10)
  3 green rats
  3 adders
  A giant mite (D:5)
  3 worms
  An iguana skeleton (D:3)
  A giant eyeball (D:5)
  66 orcs
  3 bats
  5 goblins
  10 hobgoblins
  13 jackals
  3 kobolds
  3 quokkas
  A ball python (D:2)
  2 giant cockroaches
  A hobgoblin skeleton (D:4)
  3 rats
  3 rat zombies
  A ballistomycete (D:9)
266 creatures vanquished.

Vanquished Creatures (others)
  An Executioner (Orc:4)
  A green death (Orc:4)
  An orange demon (Lair:5)
  2 smoke demons
  2 wargs
  15 war dogs
  A ynoxinul (Lair:5)
  A neqoxec (Lair:8)
  45 ice beasts
  5 wolves
  38 hounds
  An iron imp (Lair:8)
  An orc wizard (D:7)
  A white imp (D:3)
  5 ufetubi
  17 grey rats
  4 orcs
  A goblin (D:7)
  87 jackals
  A kobold (D:11)
  22 quokkas
  32 bats
  32 rats
  2 fungi (Lair:2)
  2 plants (Lair:8)
320 creatures vanquished.

Grand Total: 1052 creatures vanquished

Notes
Turn   | Place    | Note
--------------------------------------------------------------
     0 | D:1      | Indrah, the Deep Dwarf Summoner, began the quest for the Orb.
     0 | D:1      | Reached XP level 1. HP: 15/15 MP: 3/3
   289 | D:1      | Reached XP level 2. HP: 19/22 MP: 0/4
   293 | D:1      | Learned a level 2 spell: Call Imp
   896 | D:2      | Reached skill level 1 in Throwing
  1056 | D:2      | Reached XP level 3. HP: 19/28 MP: 1/5
  1871 | D:3      | Reached skill level 1 in Evocations
  2173 | D:3      | Reached XP level 4. HP: 36/36 MP: 1/7
  2178 | D:3      | Learned a level 3 spell: Call Canine Familiar
  2941 | D:3      | Reached skill level 1 in Polearms
  3292 | D:4      | Reached skill level 4 in Summonings
  3292 | D:4      | Reached XP level 5. HP: 26/42 MP: 3/9
  3357 | D:4      | Found a staircase to the Ecumenical Temple.
  3364 | D:4      | Noticed a slave
  3366 | Temple   | Entered the Ecumenical Temple
  3400 | Temple   | Became a worshipper of Elyvilon the Healer
  3464 | D:4      | Noticed Pikel
  3465 | D:4      | Noticed a slave
  3471 | D:4      | Was placed under penance by Elyvilon
  3473 | D:4      | Noticed a slave
  3475 | D:4      | Noticed a slave
  3671 | D:3      | Was forgiven by Elyvilon
  3734 | D:3      | Killed a slave
  4493 | D:4      | Fell from the grace of Elyvilon
  4744 | D:4      | Found a bloodstained altar of Trog.
  4790 | D:5      | Entered Level 5 of the Dungeon
  4803 | D:5      | Paralysed by a giant eyeball for 3 turns
  4903 | D:5      | Noticed an ogre
  4939 | D:5      | Killed an ogre
  4939 | D:5      | Reached skill level 1 in Fighting
  4939 | D:5      | Reached skill level 1 in Armour
  4939 | D:5      | Reached XP level 6. HP: 28/49 MP: 0/9
  5427 | D:5      | Noticed Lorn's ghost (average SEAr)
  5487 | D:5      | Killed Lorn's ghost
  5723 | D:5      | Got a smoking iron amulet
  5768 | D:5      | Found Qetaph's General Store.
  5774 | D:5      | Bought a +0 buckler for 33 gold pieces
  5775 | D:5      | Bought a +0 cloak of darkness for 93 gold pieces
  5874 | D:6      | Reached XP level 7. HP: 43/56 MP: 8/12
  5906 | D:6      | Learned a level 3 spell: Ozocubu's Armour
  6143 | D:6      | Reached skill level 1 in Shields
  6169 | D:6      | Found a snail-covered altar of Cheibriados.
  6630 | D:6      | Noticed Crazy Yiuf
  6648 | D:6      | Killed Crazy Yiuf
  6660 | D:6      | Identified a +1 cloak of preservation (You took it off Crazy Yiuf on level 6 of the Dungeon)
  6773 | D:6      | Reached skill level 1 in Charms
  7182 | D:7      | Noticed Sigmund
  7236 | D:7      | Killed Sigmund
  7236 | D:7      | Reached skill level 1 in Short Blades
  7415 | D:7      | Reached XP level 8. HP: 27/64 MP: 4/14
  7703 | D:6      | Identified a scroll of acquirement
  7789 | D:7      | Reached skill level 1 in Ice Magic
  7836 | D:7      | Identified the amulet "Axukh" {Gourm rPois rC+ Stlth++} (You found it on level 5 of the Dungeon)
  7960 | D:7      | Reached skill level 1 in Long Blades
  8414 | D:8      | Paralysed by a giant eyeball for 2 turns
  8989 | D:9      | Got a dazzling scimitar
  8990 | D:9      | Identified the scimitar "Shrexeug" {holy, Stlth++} (You found it on level 9 of the Dungeon)
  9261 | D:4      | Killed a slave
  9262 | D:4      | Killed Pikel
  9262 | D:4      | Gained mutation: You passively map the area around you. [level up]
  9262 | D:4      | Reached XP level 9. HP: 45/70 MP: 1/17
  9340 | Temple   | Became a worshipper of Makhleb the Destroyer
  9948 | D:9      | Reached skill level 1 in Traps
  9948 | D:9      | Reached skill level 5 in Summonings
 10403 | D:9      | Reached skill level 5 in Stealth
 10427 | D:9      | Reached skill level 5 in Evocations
 10442 | D:9      | Found an ancient bone altar of Kikubaaqudgha.
 10824 | D:9      | Noticed a spriggan baker
 10835 | D:9      | Killed a spriggan baker
 11115 | D:9      | Noticed a guardian serpent
 11159 | D:9      | Killed a guardian serpent
 11492 | D:10     | Entered Level 10 of the Dungeon
 11636 | D:10     | Reached XP level 10. HP: 42/79 MP: 17/17
 12037 | D:10     | Acquired Makhleb's first power
 12733 | D:11     | Found a staircase to the Lair.
 12733 | D:11     | Noticed a griffon
 12736 | Lair:1   | Entered Level 1 of the Lair of Beasts
 13273 | Lair:2   | Reached skill level 6 in Stealth
 13276 | Lair:2   | Reached skill level 1 in Slings
 13598 | Lair:2   | Acquired Makhleb's second power
 13886 | Lair:2   | Learned a level 4 spell: Summon Ice Beast
 14049 | Lair:3   | Reached skill level 1 in Invocations
 14172 | Lair:3   | Upgraded the game from 0.12.2-8-g1913ee5 to 0.12.2-9-gf1dcfd2
 14302 | Lair:3   | Learned a level 2 spell: Slow
 14548 | Lair:3   | Reached skill level 5 in Long Blades
 14868 | Lair:3   | Reached skill level 5 in Spellcasting
 14994 | Lair:3   | Acquired Makhleb's third power
 15182 | Lair:3   | Reached skill level 1 in Hexes
 15584 | Lair:4   | Reached XP level 11. HP: 52/87 MP: 7/18
 15649 | Lair:4   | Reached skill level 7 in Evocations
 15689 | Lair:4   | Got a bloodstained helmet
 15693 | Lair:4   | Identified the +3 helmet "Twuoc" {+Rage MR Int+1 Stlth++} (You found it on level 4 of the Lair of Beasts)
 15745 | Lair:4   | Noticed a four-headed hydra
 15763 | Lair:4   | Killed a four-headed hydra
 15763 | Lair:4   | Reached skill level 5 in Shields
 16623 | Lair:4   | Found a hole to the Spider Nest.
 17046 | Lair:5   | Acquired Makhleb's fourth power
 17125 | Lair:5   | Found a staircase to the Swamp.
 17173 | Lair:5   | Was forgiven by Elyvilon
 17541 | Lair:5   | Reached skill level 5 in Slings
 17828 | Lair:5   | Noticed a death yak
 17834 | Lair:5   | Noticed a death yak
 17842 | Lair:5   | Noticed a death yak
 17843 | Lair:5   | Noticed a death yak
 17845 | Lair:5   | Noticed a death yak
 17845 | Lair:5   | Noticed a death yak
 17849 | Lair:5   | Killed a death yak
 17849 | Lair:5   | Reached skill level 5 in Invocations
 17871 | Lair:5   | Killed a death yak
 18423 | Lair:2   | Acquired Makhleb's fifth power
 18913 | Lair:5   | Killed a death yak
 18913 | Lair:5   | Reached skill level 8 in Evocations
 18913 | Lair:5   | Reached XP level 12. HP: 69/97 MP: 3/20
 19036 | Lair:5   | Killed a death yak
 19114 | Lair:5   | Killed a death yak
 19122 | Lair:5   | Killed a death yak
 20343 | Lair:7   | Reached skill level 5 in Fighting
 20515 | Lair:7   | Noticed an eight-headed hydra
 20527 | Lair:7   | Killed an eight-headed hydra
 21590 | Lair:8   | Entered Level 8 of the Lair of Beasts
 21687 | Lair:8   | Reached skill level 5 in Ice Magic
 21922 | Lair:8   | Noticed a death yak
 21927 | Lair:8   | Noticed a death yak
 21928 | Lair:8   | Noticed a death yak
 21928 | Lair:8   | Killed a death yak
 21929 | Lair:8   | Noticed a death yak
 21930 | Lair:8   | Killed a death yak
 21934 | Lair:8   | Killed a death yak
 21936 | Lair:8   | Killed a death yak
 22005 | Lair:8   | Found a viscous altar of Jiyva.
 22005 | Lair:8   | Found a staircase to the Slime Pits.
 22788 | Lair:8   | Noticed an anaconda
 22798 | Lair:8   | Killed an anaconda
 22803 | Lair:8   | Noticed a dire elephant
 22821 | Lair:8   | Killed a dire elephant
 22837 | Lair:8   | Noticed a dire elephant
 22837 | Lair:8   | Noticed a dire elephant
 22854 | Lair:8   | Killed a dire elephant
 22855 | Lair:8   | Killed a dire elephant
 22855 | Lair:8   | Reached XP level 13. HP: 82/105 MP: 6/23
 22951 | Lair:8   | Noticed a dire elephant
 22963 | Lair:8   | Killed a dire elephant
 23006 | Lair:8   | Noticed a dire elephant
 23022 | Lair:8   | Killed a dire elephant
 23149 | Lair:8   | Noticed a dire elephant
 23162 | Lair:8   | Killed a dire elephant
 23162 | Lair:8   | Reached skill level 9 in Stealth
 23450 | D:11     | Killed a griffon
 23450 | D:11     | Reached skill level 5 in Charms
 24155 | D:11     | Noticed a cyclops
 24162 | D:11     | Noticed a hill giant
 24167 | D:11     | Killed a hill giant
 24186 | D:11     | Killed a cyclops
 24222 | D:11     | Noticed a six-headed hydra
 24231 | D:11     | Killed a six-headed hydra
 24233 | D:11     | Noticed a cyclops
 24242 | D:11     | Killed a cyclops
 24281 | D:11     | Noticed a cyclops
 24311 | D:11     | Killed a cyclops
 24343 | D:11     | Killed an unseen horror
 25119 | D:10     | Found a staircase to the Orcish Mines.
 25295 | Orc:1    | Entered Level 1 of the Orcish Mines
 25553 | Orc:1    | Found Sosam's Magical Wand Shop.
 26864 | Orc:3    | Found Xuhaef's Magic Scroll Emporium.
 26916 | Orc:3    | Bought a scroll of identify for 22 gold pieces
 26916 | Orc:3    | Bought a scroll of identify for 22 gold pieces
 27020 | Orc:4    | Entered Level 4 of the Orcish Mines
 27058 | Orc:4    | Noticed Nergalle
 27058 | Orc:4    | Noticed Blork the orc
 27058 | Orc:4    | Noticed Stendarr's ghost (powerful HEAE)
 27086 | Orc:4    | Slain by an orc knight

Action                   |  1- 3 |  4- 6 |  7- 9 | 10-12 | 13-15 || total
-------------------------+-------+-------+-------+-------+-------++-------
Melee: Club              |    46 |       |       |       |       ||    46
       Unarmed           |     1 |       |       |       |       ||     1
       Spear             |    57 |    13 |       |       |       ||    70
       Trident           |       |   117 |       |       |       ||   117
       Short sword       |       |     6 |    58 |       |       ||    64
       Demon blade       |       |       |   174 |   509 |   231 ||   914
       Scimitar          |       |       |     5 |     1 |    29 ||    35
       Falchion          |       |       |       |       |   113 ||   113
 Fire: Sling             |       |       |       |   294 |    64 ||   358
Throw: Club              |    15 |       |       |       |       ||    15
       Dart              |    46 |    64 |   117 |    23 |       ||   250
       Javelin           |       |       |       |     7 |     8 ||    15
 Cast: Summon Small Mamm |    59 |    80 |    72 |    17 |     1 ||   229
       Call Imp          |     9 |     7 |       |       |       ||    16
       Call Canine Famil |       |    21 |   105 |   137 |     9 ||   272
       Ozocubu's Armour  |       |       |       |    41 |    23 ||    64
       Slow              |       |       |       |     5 |     4 ||     9
       Summon Ice Beast  |       |       |       |    76 |    33 ||   109
Invok: Lesser Healing    |       |     3 |       |       |       ||     3
       Lesser Servant of |       |       |       |     7 |     2 ||     9
       Greater Servant o |       |       |       |     2 |     2 ||     4
       Major Destruction |       |       |       |       |     4 ||     4
 Abil: Device Recharging |       |     1 |     2 |     2 |     2 ||     7
Evoke: Wand              |     3 |     5 |    19 |    26 |     9 ||    62
  Use: Scroll            |       |     9 |    20 |    16 |     7 ||    52
       Potion            |       |       |     4 |    13 |     1 ||    18
 Stab: Sleeping          |     4 |     7 |     7 |    14 |    10 ||    42
       Distracted        |     1 |     2 |     1 |    10 |     2 ||    16
       Confused          |       |       |     1 |       |       ||     1
